 Dungeon Crawl Stone Soup version 0.28.0-53-g5a82cb258f (webtiles) character file.

Game seed: 13104152672792664729

669 Sin92 the Cudgeller (level 7, -1/55 HPs)
             Began as a Demonspawn Fighter on June 7, 2022.
             Slain by a gnoll
             ... wielding a +0 halberd
              (10 damage)
             ... on level 5 of the Dungeon.
             The game lasted 00:05:07 (5814 turns).

Sin92 the Cudgeller (Demonspawn Fighter)            Turns: 5814, Time: 00:05:08

Health: -1/55      AC:  7    Str: 16    XL:     7   Next: 32%
Magic:  7/7        EV: 10    Int: 10    God:
Gold:   13         SH: 15    Dex: 20    Spells: 6/6 levels left

rFire   . . .      SeeInvis +   a - +0 flail
rCold   . . .      Faith    .   c - +0 buckler
rNeg    . . .      Spirit   .   b - +0 scale mail
rPois   .          Reflect  +   (no helmet)
rElec   .          Harm     .   (no cloak)
rCorr   .          Rampage  .   (no gloves)
Will    .....                   (no boots)
Stlth   ..........              h - amulet of reflection
HPRegen 0.18/turn               e - ring of see invisible
MPRegen 0.10/turn               m - +6 ring of dexterity

@: no status effects
A: demonic guardian 2, condensation shield, weakness stinger 1
a: no special abilities


You were on level 5 of the Dungeon.
You visited 1 branch of the dungeon, and saw 5 of its levels.

You collected 256 gold pieces.
You spent 243 gold pieces at shops.

Inventory:

Hand Weapons
 a - a +0 flail (weapon)
Missiles
 d - a throwing net (quivered)
Armour
 b - a +0 scale mail (worn)
 c - a +0 buckler (worn)
 s - the +1 scale mail of Oqey {Int+4}
   (You bought it in a shop on level 5 of the Dungeon)

   Int:       It affects your intelligence (+4).
Jewellery
 e - a ring of see invisible (left hand)
 h - an amulet of reflection (around neck)
 m - a +6 ring of dexterity (right hand)
Wands
 i - a wand of polymorph (4)
 r - a wand of digging (5)
Scrolls
 f - a scroll of fog
 j - 3 scrolls of identify
 k - a scroll of magic mapping {unknown}
 l - a scroll of vulnerability
 p - a scroll of teleportation
 t - a scroll of enchant weapon {unknown}
Potions
 g - 2 potions of attraction
 n - a potion of heal wounds
 q - a potion of brilliance {unknown}
 u - a potion of mutation {unknown}


   Skills:
 + Level 4.4 Fighting
 * Level 4.5 Maces & Flails
 + Level 3.9 Armour
 + Level 2.6 Dodging
 + Level 4.0 Shields


You had 6 spell levels left.
You didn't know any spells.
Your spell library contained the following spells:

 Spells                   Type           Power      Damage    Failure   Level
 Ozocubu's Armour         Ice            0%         N/A       99%         3
 Ozocubu's Refrigeration  Ice            0%         4d5       100%        7


Dungeon Overview and Level Annotations

Branches:
Dungeon (5/15)
 Temple: D:4-7

Altars:
Wu Jian

Shops:
D:5 [


Innate Abilities, Weirdness & Mutations

A demonic guardian rushes to your aid.
A meltable shield of frost defends you. (SH +4)
You have a small tail.


Message History

Unknown command.
You barely miss the gnoll sergeant.
The gnoll sergeant is lightly wounded.
The gnoll sergeant barely misses you.
You closely miss the gnoll sergeant. You tail-slap the gnoll sergeant.
The gnoll sergeant is moderately wounded.
You block the gnoll sergeant's attack.
You hit the gnoll sergeant.
You tail-slap the gnoll sergeant, but do no damage.
The gnoll sergeant is moderately wounded.
The gnoll sergeant hits you with a +1 spear of pain!
A demonic guardian appears!
You writhe in agony.
You sock the gnoll sergeant!
The gnoll sergeant is heavily wounded.
The gnoll sergeant hits you with a +1 spear of pain.
Your orange demon stings the gnoll sergeant!
Your orange demon hits the gnoll sergeant.
The gnoll sergeant dies!
Your Shields skill increases to level 4!
A gnoll comes into view. It is wielding a +0 halberd.
Items here: $ ( ) [.
Okay, then. 2 gnolls come into view.
The gnoll shouts!
You hear a shout!
You block the gnoll's attack.
The gnoll hits you from afar with a +0 halberd.
* * * LOW HITPOINT WARNING * * *
A gnoll comes into view. It is wielding a +0 whip.
The gnoll closely misses you. You block the gnoll's attack.
Your orange demon stings the gnoll from afar!
The gnoll is poisoned.
Your orange demon poisons the gnoll!
You closely miss the gnoll.
The gnoll hits your orange demon but does no damage.
The gnoll hits you with a +0 halberd.
* * * LOW HITPOINT WARNING * * *
A demonic guardian appears!
Your orange demon closely misses the gnoll.
The gnoll hits your orange demon from afar with a +0 halberd!
The gnoll hits you with a +0 halberd!
You die...

#.###### #.#
#......# #.#
####...## #.#
##.....###.#
##.......##.#
#.......>.#.#######
#...........4.....#
#.........#g##.##.#
#........##@##.##.#
#.#.....gg...#.##.#
...##...####4.#....#
### ###.# #).####.#
#.# ##..# #.# #.#
#)..####.###
#.###..........#
#........[...#.#
###.....####.#.#


You could see 3 gnolls and 2 friendly orange demons.

Vanquished Creatures
  A black bear (D:5)
  An ogre (D:4)
  A gnoll sergeant (D:5)
  3 hounds (D:4)
  Jessica (D:3)
  Natasha (thrice) (D:2)
  An iguana (D:4)
  An adder (D:2)
  7 gnolls
  An ufetubus (D:4)
  2 worms
  2 dart slugs (D:2)
  An orc (D:4)
  7 endoplasms
  2 giant cockroaches
  6 goblins
  7 hobgoblins
  4 ball pythons
  10 bats
  5 frilled lizards
  5 kobolds
  A quokka zombie (D:3)
  4 rats
76 creatures vanquished.

Vanquished Creatures (collateral kills)
  A gnoll sergeant (D:5)
  A gnoll (D:5)
2 creatures vanquished.

Grand Total: 78 creatures vanquished

Notes
Turn   | Place    | Note
-------+----------+-------------------------------------------
     0 | D:1      | Sin92 the Demonspawn Fighter began the quest for the Orb.
     0 | D:1      | Reached XP level 1. HP: 18/18 MP: 1/1
   200 | D:1      | Gained mutation: A meltable shield of frost defends you.
                  | (SH +4) [demonic ancestry]
   200 | D:1      | Reached XP level 2. HP: 6/24 MP: 2/2
   234 | D:1      | HP: 1/24 [kobold/+0 short sword (2)]
  1521 | D:2      | Reached XP level 3. HP: 15/29 MP: 3/3
  2131 | D:2      | Noticed Natasha
  2140 | D:2      | Killed Natasha
  2141 | D:2      | Reached skill level 1 in Dodging
  2141 | D:2      | Gained mutation: You have a small tail. [demonic ancestry]
  2141 | D:2      | Reached XP level 4. HP: 20/35 MP: 4/4
  2323 | D:2      | Noticed Natasha
  2337 | D:2      | Killed Natasha
  2952 | D:2      | Noticed Natasha
  2958 | D:2      | Killed Natasha
  3254 | D:3      | Found an ornate altar of the Wu Jian Council.
  3347 | D:3      | Gained mutation: A weak demonic guardian rushes to your
                  | aid. [demonic ancestry]
  3347 | D:3      | Reached XP level 5. HP: 15/41 MP: 5/5
  3685 | D:3      | Noticed Jessica
  3693 | D:3      | Killed Jessica
  4140 | D:3      | Found a faded altar of an unknown god.
  4473 | D:4      | Noticed an ogre
  4482 | D:4      | HP: 1/42 [ogre/+0 giant spiked club (14)]
  4486 | D:4      | Killed an ogre
  4487 | D:4      | Gained mutation: A demonic guardian rushes to your aid.
                  | [demonic ancestry]
  4487 | D:4      | Reached XP level 6. HP: 32/48 MP: 6/6
  5415 | D:5      | Entered Level 5 of the Dungeon
  5427 | D:5      | Found Teatewoe's Antique Armour Shop.
  5430 | D:5      | Bought a slimy scale mail for 243 gold pieces
  5430 | D:5      | Identified the +1 scale mail of Oqey {Int+4} (You bought it
                  | in a shop on level 5 of the Dungeon)
  5575 | D:5      | Reached XP level 7. HP: 31/55 MP: 7/7
  5814 | D:5      | Slain by a gnoll

Illustrated notes

Levels and vault maps discovered:
D:1:      wheals_arrival_shading, layout_loops_ring, grunt_decor_mini_mirrors,
          minmay_quantized
D:2:      layout_basic, grunt_ministairs_2, uniq_natasha
D:3:      layout_basic, mainiacjoe_overflow_alcove_4,
          ebering_ecumenical_altar_rust, grunt_ministairs_11,
          minmay_fountain_box, kennysheep_generic_room_7, uniq_jessica
D:4:      layout_basic
D:5:      layout_loops_ring, serial_shops, kennysheep_mini,
          minmay_misc_feat_pillars

Skill      XL: |  1  2  3  4  5  6  7 |
---------------+----------------------+-----
Maces & Flails | 2 3 4 |  4.5
Shields        | 3 4 |  4.0
Armour         | 3 |  3.9
Dodging        | 1 2 |  2.6
Fighting       | 4 |  4.4

Action                   |  1- 3 |  4- 6 |  7- 9 || total
-------------------------+-------+-------+-------++-------
Melee: Flail             |   119 |   157 |    23 ||   299
       Tailslap          |       |    24 |     6 ||    30
  Use: Scroll            |     2 |     5 |       ||     7
       Potion            |     1 |     6 |       ||     7
Armor: Scale mail        |    56 |    41 |       ||    97
Dodge: Dodged            |    71 |    52 |     7 ||   130
Block: Buckler           |    90 |   134 |    18 ||   242
       Reflection        |       |     3 |       ||     3
